Map: Thunderbird LE

Players

Seamonsta - Winner!

  • Race: Zerg Zerg
  • League: Diamond
  • Spawn Location: 11:00

TheScientist

  • Race: Protoss Protoss
  • League: Diamond
  • Spawn Location: 5:00

VOD

Have the link to the VOD?

Description

Guy Bms into cannon rush

Time

  • Played on: July 1, 2019, 2:47 a.m.
  • Length: 11:09
Show
View Real Time Build Order
Export as new Build Order

Seamonsta Zerg - Winner!

Build Orders: Hatch First 

Get SALT Encoding   

  12  0:02  Drone  
  13  0:15  Overlord  
  13  0:17  Drone  
  14  0:36  Drone x2  
  14  0:37  Drone  
  17  0:55  Hatchery  
  16  0:57  Drone  
  16  1:00  Drone  
  18  1:11  Extractor  
  17  1:20  Spawning Pool  
  16  1:56  Drone x2  
  18  2:31  Zergling x2  
  18  2:32  Zergling x10  
  18  2:33  Queen  
  26  2:40  Queen  
  28  2:48  Overlord  
  28  3:01  Metabolic Boost  
  28  3:07  Spore Crawler  
  27  3:14  Drone, Roach Warren  
  27  3:25  Overlord  
  27  3:28  Drone  
  27  3:32  Drone  
  28  3:45  Queen  
  28  3:46  Extractor  
  29  3:58  Drone x2  
  29  3:59  Drone  
  29  4:02  Roach  
  34  4:06  Roach  
  36  4:14  Overlord  
  36  4:28  Lair  
  36  4:29  Roach  
  38  4:32  Ravager  
  38  4:37  Ravager  
  40  4:45  Queen  
  40  4:47  Drone  
  40  4:52  Drone x2  
  45  4:59  Overlord  
  45  5:11  Ravager  
  45  5:13  Roach  
  48  5:21  Queen  
  48  5:27  Spore Crawler  
  49  5:30  Overlord  
  49  5:34  Overlord  
  49  5:38  Spore Crawler  
  48  5:43  Ravager  
  47  6:06  Drone  
  47  6:07  Drone x8  
  51  6:32  Drone x6  
  57  6:37  Hydralisk Den  
  56  6:40  Overlord, Drone x2  
  58  6:55  Queen  
  58  6:58  Queen  
  58  7:00  Extractor  
  61  7:08  Overlord  
  61  7:17  Hydralisk x3  
  66  7:27  Overlord  
  66  7:31  Roach x3  
  66  7:35  Hydralisk  
  74  7:45  Hatchery  
  74  7:47  Hydralisk x2  
  74  7:48  Hydralisk x2  
  81  7:58  Queen  
  81  8:00  Grooved Spines  
  81  8:05  Evolution Chamber  
  82  8:06  Infestation Pit  
  81  8:18  Hydralisk  
  83  8:24  Overlord x2  
  83  8:30  Hatchery  
  83  8:33  Queen  
  84  8:37  Queen  
  84  8:46  Hydralisk x4  
  92  8:54  Hydralisk x2  
  86  9:12  Muscular Augments  
  86  9:17  Hydralisk x2  
  86  9:24  Overlord x4  
  86  9:30  Queen  
  86  9:31  Queen  
  90  9:35  Drone x4  
  80  9:55  Hydralisk x4  
  85  10:01  Queen  
  85  10:06  Hydralisk  
  89  10:13  Ravager  
  90  10:25  Hydralisk  
  92  10:33  Hydralisk  
  92  10:35  Zergling x18  
Show
View Real Time Build Order
Export as new Build Order

TheScientist Protoss 

Build Orders: Carriers 

Get SALT Encoding   

  12  0:00  Probe  
  13  0:12  Probe  
  14  0:23  Pylon  
  14  0:24  Probe  
  15  0:39  Probe  
  16  0:43  Forge  
  16  0:47  Probe  
  16  0:56  Probe  
  18  1:08  Probe  
  19  1:14  Pylon  
  19  1:20  Probe  
  19  1:22  Pylon  
  20  1:26  Assimilator  
  20  1:35  Probe  
  21  1:46  Photon Cannon  
  20  1:59  Photon Cannon  
  20  2:02  Photon Cannon  
  20  2:03  Pylon  
  20  2:07  Probe  
  20  2:13  Gateway  
  20  2:19  Probe  
  20  2:20  Photon Cannon  
  21  2:31  Probe  
  21  2:33  Assimilator  
  21  2:37  Assimilator  
  22  2:43  Probe  
  23  2:51  Probe, Pylon  
  24  2:58  Nexus  
  24  2:59  Probe  
  25  3:07  Cybernetics Core  
  25  3:14  Probe  
  25  3:15  Pylon  
  26  3:26  Probe  
  27  3:33  Zealot  
  29  3:39  Photon Cannon  
  29  3:42  Probe  
  29  3:43  Photon Cannon  
  30  3:50  Probe  
  31  3:55  Stargate  
  31  4:02  Stargate  
  31  4:06  Probe  
  32  4:10  Probe  
  32  4:14  Probe  
  33  4:22  Probe x2  
  35  4:29  Shield Battery  
  35  4:30  Void Ray  
  36  4:34  Probe x2  
  42  4:47  Probe  
  42  4:51  Probe, Assimilator  
  44  5:03  Probe  
  44  5:04  Probe  
  44  5:05  Assimilator  
  46  5:08  Fleet Beacon  
  46  5:16  Probe  
  47  5:26  Zealot  
  47  5:28  Probe  
  50  5:40  Probe  
  51  5:50  Stargate  
  51  5:53  Pylon, Zealot  
  53  6:04  Nexus  
  47  6:26  Carrier  
  46  7:08  Pylon  
  46  7:11  Carrier  
  46  7:14  Pylon  
  46  7:16  Carrier  
  46  7:20  Probe  
  46  7:21  Carrier  
  59  7:23  Gateway  
  59  7:25  Gateway  
  65  7:47  Assimilator  
  65  7:49  Assimilator  
  65  7:52  Pylon  
  64  8:10  Carrier  
  66  8:12  Zealot  
  66  8:13  Zealot  
  74  8:31  Stargate  
  74  8:34  Pylon  
  74  8:36  Pylon  
  74  8:49  Pylon  
  74  8:57  Zealot x2  
  74  8:58  Carrier  
  84  9:07  Carrier  
  86  9:24  Zealot x2  
  90  9:35  Nexus  
  90  9:45  Pylon  
  90  9:51  Zealot x2  
  90  10:04  Carrier  
  90  10:05  Pylon  
  94  10:40  Pylon  
  94  10:50  Probe  
Tags
 
Composition
Carriers
Matchup
PvZ
Spawn Locations
Cross Positions
Add a new tag
Caveats
  • Supply blocks, unpowered buildings, or Contaminate may cause inaccurate times.
  • Supply counts are checked every 10 seconds.